[Event "*** SCC Grand Prix: Titled Tuesday Blitz"]
[Site "Chess.com"]
[Date "2020.08.11"]
[Round "5"]
[White "Margarita2907"]
[Black "ItsCheckM8Mate"]
[Result "0-1"]
[WhiteElo "2096"]
[BlackElo "2315"]
[TimeControl "180+1"]
[EndTime "10:55:46 PDT"]
[Termination "ItsCheckM8Mate won on time"]

1. e4 e5 2. Nf3 Nc6 3. Bc4 Nf6 4. d3 h6 5. c3 d6 6. O-O g6 7. Nbd2 Bg7 8. Re1 O-O 9. h3 d5 10. exd5 Nxd5 11. Nf1 Be6 12. Bb3 Qd7 13. Ne3 Nxe3 14. fxe3 Rad8 15. Bxe6 Qxe6 16. Qe2 e4 17. Nd4 Qd5 18.
dxe4 Qxe4 19. Bd2 Rfe8 20. Qf3 Qd3 21. Rad1 Ne5 22. Qxb7 c5 23. Nc6 Nxc6 24. Qxc6 c4 25. Qf3 Qc2 26. Bc1 Rd3 27. Rf1 Re7 28. Qf2 Qb1 29.
Rxd3 cxd3 30. Rd1 Rd7 31. Qd2 Qxa2 32. Rf1 Qb3 33. Rf4 a5 34. Re4 Kh7 35. Re8 Qc2 36. e4 h5 0-1

[Event "*** SCC Grand Prix: Titled Tuesday Blitz"]
[Site "Chess.com"]
[Date "2020.08.11"]
[Round "5"]
[White "Infernal_XaM"]
[Black "GukeshDommaraju"]
[Result "0-1"]
[WhiteElo "2895"]
[BlackElo "2653"]
[TimeControl "180+1"]
[EndTime "10:55:47 PDT"]
[Termination "GukeshDommaraju won by checkmate"]

1. d4 d5 2. c4 e6 3. Nf3 c5 4.
cxd5 exd5 5. Nc3 Nf6 6. g3 Nc6 7. Bg2 cxd4 8. Nxd4 Bc5 9. Nxc6 bxc6 10. O-O O-O 11.
Qc2 Bb6 12. Na4 Bd7 13. b3 Re8 14. Bb2 h5 15. e3 Ne4 16. Rad1 h4 17. Nxb6 axb6 18.
a4 Qg5 19. Rd4 h3 20. Bxe4 Rxe4 21. Rxe4 Qg6 22. Rc4 dxc4 23. Qxc4 c5 24. f3 Be6 25. Qc3 Rd8 26. e4 f6 27. a5 bxa5 28. Qxa5 Rd3 29.
Qxc5 Rxb3 30. Bd4 Kh7 31. Qd6 Bc4 32. Rc1 Rxf3 33. Qd7 Qxe4 34. Qxh3+ Kg6 35. Bf2 Bd5 36. Qf1 Rd3 37. Bb6 Qh1+ 38. Kf2 Qxh2+ 39. Ke1 Qd2# 0-1

[Event "*** SCC Grand Prix: Titled Tuesday Blitz"]
[Site "Chess.com"]
[Date "2020.08.11"]
[Round "5"]
[White "tsvet2005"]
[Black "Parhamov"]
[Result "1-0"]
[WhiteElo "2585"]
[BlackElo "3044"]
[TimeControl "180+1"]
[EndTime "10:55:48 PDT"]
[Termination "tsvet2005 won on time"]

1. d4 Nf6 2. c4 g6 3. Nc3 d5 4. Nf3 Bg7 5. h4 c5 6. dxc5 Nbd7 7. cxd5 Qa5 8. Bd2 Qxc5 9. e4 Ng4 10. Qe2 a6 11. Rc1 O-O 12. g3 Qb6 13. b3 Nc5 14. Na4 Nxa4 15. bxa4 f5 16. e5 Bd7 17. a5 Qb2 18. Bf4 Qa3 19. Qd3 Qxa2 20. Qd2 Qa3 21. Be2 Bb5 22. O-O Rfd8 23. d6 exd6 24. exd6 Kh8 25. Ng5 Qb3 26. Rb1 Qg8 27. Bxb5 axb5 28. Rxb5 h6 29. Nf3 Rd7 30. Rfb1 Qb8 31. Qd5 Qa7 32. Qc5 Bf8 33. Qxa7 Rxa7 34. Ne5 Nxe5 35. Bxe5+ Kg8 36. Rd1 Kf7 37. Bf4 Ra6 38. Rc5 h5 39.
Rc7 Rxc7 40. dxc7 Rc6 41. Rd8 1-0

[Event "*** SCC Grand Prix: Titled Tuesday Blitz"]
[Site "Chess.com"]
[Date "2020.08.11"]
[Round "5"]
[White "Sadykov_Ramil"]
[Black "suyu28"]
[Result "0-1"]
[WhiteElo "2403"]
[BlackElo "2575"]
[TimeControl "180+1"]
[EndTime "10:55:48 PDT"]
[Termination "suyu28 won on time"]

1. e4 c6 2. Nc3 d5 3. Nf3 g6 4. d4 Bg7 5. h3 dxe4 6. Nxe4 Nf6 7.
Nxf6+ exf6 8. Bd3 O-O 9. O-O Re8 10. Bf4 Nd7 11. Re1 Nf8 12. c3 Be6 13. Qd2 Qd7 14.
Bf1 Bd5 15. Nh2 f5 16. Rxe8 Rxe8 17. Be3 b5 18. a4 a6 19. axb5 axb5 20. Re1 Ne6 21.
Bh6 Bf6 22. Bd3 Bd8 23. Nf1 Bc7 24. Ne3 f4 25. Ng4 Qd8 26. Qc2 Qh4 27. Be4 f3 28.
Bxd5 cxd5 29. Qd3 fxg2 30. Qf3 f5 31. Qxd5 Qxh3 32. Nf6+ Kf7 33. Qxg2 Qxg2+ 34. Kxg2 Kxf6 35. d5 g5 36. dxe6 Kg6 0-1

[Event "*** SCC Grand Prix: Titled Tuesday Blitz"]
[Site "Chess.com"]
[Date "2020.08.11"]
[Round "5"]
[White "Orest_Vovk"]
[Black "PavlovDanila"]
[Result "0-1"]
[WhiteElo "2440"]
[BlackElo "2673"]
[TimeControl "180+1"]
[EndTime "10:55:49 PDT"]
[Termination "PavlovDanila won by resignation"]

1. h4 d5 2. h5 c5 3. e4 dxe4 4. Nc3 Nf6 5. Rh4 e6 6. Nxe4 Be7 7.
Bb5+ Bd7 8. Nxf6+ Bxf6 9. Bxd7+ Qxd7 10. Re4 Nc6 11. d3 O-O 12. h6 g6 13. Nf3 Rad8 14. Bg5 Bxg5 15. Nxg5 e5 16. Nf3 Rfe8 17. c3 Qxd3 18.
Qxd3 Rxd3 19. Ke2 Rd5 20. Rd1 Rxd1 21. Kxd1 f5 22. Ra4 e4 23. Ng5 Rd8+ 24. Ke2 a5 25. Ne6 Rd5 26. Nc7 Rd7 27. Nb5 Kf7 28. a3 b6 29. b4 Ke6 30. bxc5 bxc5 31. Rc4 Kd5 32.
Ra4 Rb7 33. Ke3 Ke6 34. c4 Ke5 35. Nc3 Rb3 36. Kd2 Rxc3 37. Kxc3 f4 38. Kd2 Kd4 39. Ke2 Kc3 40. f3 e3 41. g3 g5 42. gxf4 gxf4 43. Rxa5 Nxa5 44. a4 Nxc4 0-1

[Event "*** SCC Grand Prix: Titled Tuesday Blitz"]
[Site "Chess.com"]
[Date "2020.08.11"]
[Round "5"]
[White "mbachez"]
[Black "Ze-Pequeno"]
[Result "1-0"]
[WhiteElo "2468"]
[BlackElo "2163"]
[TimeControl "180+1"]
[EndTime "10:55:49 PDT"]
[Termination "mbachez won on time"]

1. e4 c5 2. Nf3 d6 3. c3 Nf6 4. h3 g6 5. Bd3 Bg7 6. Bc2 e5 7.
O-O O-O 8. d4 exd4 9. cxd4 Nc6 10. d5 Nb4 11. Nc3 Nxc2 12. Qxc2 a6 13. Bf4 b5 14. a3 Bb7 15. Rad1 Re8 16. Rfe1 Rc8 17. e5 dxe5 18. Nxe5 Nd7 19. Nxd7 Qxd7 20. Ne4 c4 21. Nd6 Rxe1+ 22. Rxe1 Rd8 23. Nxb7 Qxb7 24. d6 Bf6 25. b3 Qd5 26. bxc4 Qxc4 27. Qxc4 bxc4 28. g4 g5 29. Bg3 c3 30. Rc1 Kf8 31. Kf1 Ke8 32. Ke2 Kd7 33. Kd3 Rb8 34. f4 h6 35. fxg5 hxg5 36. Rf1 Ke6 37. Re1+ Kd7 38. Re2 Rb3 39. Kc4 1-0

[Event "*** SCC Grand Prix: Titled Tuesday Blitz"]
[Site "Chess.com"]
[Date "2020.08.11"]
[Round "5"]
[White "WiktoriaPOL"]
[Black "Evachess2006"]
[Result "1-0"]
[WhiteElo "1875"]
[BlackElo "1635"]
[TimeControl "180+1"]
[EndTime "10:55:49 PDT"]
[Termination "WiktoriaPOL won by resignation"]

1. c4 e5 2. Nc3 Nc6 3. Nf3 d6 4. d4 exd4 5. Nxd4 Nf6 6. g3 Be7 7. Bg2 Bd7 8. Nc2 O-O 9. O-O Re8 10. Ne3 Bf8 11. Ned5 Ne5 12. b3 c6 13. Nxf6+ Qxf6 14. Bb2 Bf5 15. h3 Be7 16. f4 Nd7 17. e4 Bg6 18. f5 Qg5 19. fxg6 hxg6 20. Qf3 Ne5 21.
Qf4 Qxf4 22. gxf4 Nd3 23. Bc1 Nxc1 24. Raxc1 Bf6 25. Ne2 d5 26. cxd5 cxd5 27. e5 Bd8 28. Bxd5 Bb6+ 29. Kh2 g5 30. Bxb7 Rab8 31. Bc6 Re6 32.
Bd5 Rg6 33. f5 Rh6 34. Kg3 Rd8 35. Rfd1 Be3 36. Rc3 Bf4+ 37. Nxf4 gxf4+ 38. Kxf4 Rh4+ 39. Kg3 Rb4 40. Bxf7+ Kxf7 41. Rxd8 Rb6 42. Rd7+ Kg8 43. Rc8+ Kh7 44. e6 Ra6 45. e7 Rxa2 1-0

[Event "*** SCC Grand Prix: Titled Tuesday Blitz"]
[Site "Chess.com"]
[Date "2020.08.11"]
[Round "5"]
[White "AvitalBor"]
[Black "blitzking1729"]
[Result "1-0"]
[WhiteElo "2828"]
[BlackElo "2613"]
[TimeControl "180+1"]
[EndTime "10:55:50 PDT"]
[Termination "AvitalBor won on time"]

1. e4 c6 2. c4 d5 3. cxd5 cxd5 4.
exd5 Nf6 5. Nc3 g6 6. Nf3 Bg7 7. Bc4 O-O 8. O-O Na6 9. Re1 Nc7 10. d4 Ncxd5 11. Bg5 Be6 12. Qb3 Nxc3 13. Bxe6 Ncd5 14. Bxf6 Nxf6 15. Bc4 e6 16. Ng5 Kh8 17. Qxb7 Qd7 18. Qxd7 Nxd7 19. Rad1 Nb6 20. Bb3 h6 21. Nf3 Rfd8 22.
Ne5 Kg8 23. h4 Rac8 24. g3 Rd6 25. Nxg6 Rcd8 26. Nf4 Bxd4 27. Kg2 Bxb2 28. Rxd6 Rxd6 29. Re2 Bf6 30. Rc2 Be5 31. Nh5 a5 32. Rc7 a4 33.
Bc2 Rd2 34. Rc6 Bd4 35. Kh3 Rxf2 36. Be4 f5 37. Bg2 Re2 38. Rd6 e5 39. Rxh6 Nc4 40. Bd5+ 1-0

[Event "*** SCC Grand Prix: Titled Tuesday Blitz"]
[Site "Chess.com"]
[Date "2020.08.11"]
[Round "5"]
[White "MashaFromRussia"]
[Black "Fh2411"]
[Result "1/2-1/2"]
[WhiteElo "2407"]
[BlackElo "2558"]
[TimeControl "180+1"]
[EndTime "10:55:50 PDT"]
[Termination "Game drawn by stalemate"]

1. d4 d5 2. c4 c6 3. Nf3 Nf6 4. Nc3 dxc4 5. a4 Bf5 6. e3 e6 7. Bxc4 Bb4 8. O-O Nbd7 9. Qe2 Bg6 10. e4 O-O 11. Bd3 Bh5 12. Bg5 Qa5 13. e5 Nd5 14.
Nxd5 cxd5 15. Rfc1 Rfc8 16. h3 Bxf3 17. Qxf3 Bd2 18.
Bxd2 Qxd2 19. Qd1 Qxd1+ 20. Rxd1 a5 21. Bb5 Nb6 22. Rac1 Rxc1 23. Rxc1 Rc8 24. Rc5 Kf8 25. Kf1 Ke7 26. Ke2 f6 27. f4 h6 28. Kd3 g5 29. g3 h5 30. exf6+ Kxf6 31. fxg5+ Kxg5 32. Rxc8 Nxc8 33. Bd7 Nb6 34. Bxe6 Nxa4 35. Bxd5 Nxb2+ 36. Kc2 Na4 37. Bxb7 h4 38. gxh4+ Kxh4 39. Bc8 Nb6 40. Be6 Kg5 41. d5 Nxd5 42. Bxd5 Kh6 43. Be6 a4 44. Kb2 Kg7 45. Ka3 Kh6 46. h4 Kg7 47. Bg4 Kh6 48.
h5 Kg7 49. Bf5 Kh6 50. Bg6 Kg7 51. Kxa4 Kh6 52. Kb5 Kg7 53. Kc5 Kh8 54. Kd6 Kg7 55. Ke6 Kh8 56. Kf6 Kg8 57. h6 Kh8 58. Kf7 1/2-1/2

[Event "*** SCC Grand Prix: Titled Tuesday Blitz"]
[Site "Chess.com"]
[Date "2020.08.11"]
[Round "5"]
[White "140mariam"]
[Black "ChessicallyInclined"]
[Result "1-0"]
[WhiteElo "2361"]
[BlackElo "2489"]
[TimeControl "180+1"]
[EndTime "10:55:50 PDT"]
[Termination "140mariam won by resignation"]

1. d4 Nf6 2. c3 b6 3. Nf3 Bb7 4. Bf4 g6 5. e3 Bg7 6. Nbd2 O-O 7. Bd3 d5 8. O-O Nbd7 9. c4 c5 10. Rc1 cxd4 11. exd4 dxc4 12. Bxc4 Rc8 13. Qa4 a6 14. Be2 b5 15. Qa3 Nd5 16. Bg5 N7b6 17. Nb3 h6 18. Bh4 g5 19. Bg3 Na4 20. Nc5 Nxc5 21. dxc5 e6 22. Be5 Bxe5 23. Nxe5 Nf4 24. Bf3 Bxf3 25. Qxf3 Qd4 26. Ng4 Qg7 27. b4 Rc7 28. Rfd1 h5 29.
Ne3 Qf6 30. Kh1 Kg7 31. g3 Nh3 32. Qxf6+ Kxf6 33. Kg2 g4 34. f3 Kg5 35. fxg4 hxg4 36. Nxg4 Kxg4 37. Rd4+ Kf5 38. Kxh3 Rh8+ 39. Kg2 e5 40.
Rd6 Ra8 41. Kf3 e4+ 42. Ke3 a5 43. Rd5+ Kg4 44. a3 axb4 45. axb4 Ra4 46. Rb1 f5 47.
h3+ Kxg3 48. Rxf5 Kxh3 49. Kxe4 Rxc5 50. Rxc5 1-0

[Event "*** SCC Grand Prix: Titled Tuesday Blitz"]
[Site "Chess.com"]
[Date "2020.08.11"]
[Round "5"]
[White "Novoselski"]
[Black "Artyom_ChessMate"]
[Result "0-1"]
[WhiteElo "2395"]
[BlackElo "2560"]
[TimeControl "180+1"]
[EndTime "10:55:51 PDT"]
[Termination "Artyom_ChessMate won by resignation"]

1. e4 c5 2. Nf3 d6 3. Bb5+ Bd7 4. a4 a6 5. Bc4 Nc6 6. c3 Nf6 7. Qe2 e6 8. O-O Be7 9. d4 cxd4 10. cxd4 O-O 11. e5 Ne8 12. Nc3 Rc8 13. Bf4 Qc7 14. Bd3 d5 15. Rac1 Qb6 16. Qd2 g6 17. Bb1 Ng7 18. g4 Rfd8 19. Rfd1 Na5 20. Bg5 Bxg5 21. Nxg5 Be8 22. Nf3 Nb3 23. Qh6 Nxc1 24. Ng5 Rxc3 25. Qxh7+ Kf8 26. Bxg6 Ne2+ 27. Kh1 Rc1 28.
Rxc1 Nxc1 29. Qh8+ Ke7 30. Qxg7 Qxd4 31. f3 Qd1+ 32.
Kg2 Qd2+ 33. Kg3 Qxg5 34. Qf6+ Qxf6 35. exf6+ Kxf6 36. Bc2 Rc8 37. Bb1 Nb3 38. h4 Nd4 39.
Bd3 Bxa4 40. g5+ Kg7 41. h5 Bc2 42. h6+ Kh8 43. Bf1 Nf5+ 44. Kf4 Kh7 45. Ke5 Kg6 46.
Bh3 b5 47. Bg4 b4 48. Bh5+ Kxh5 49. Kf6 Nxh6 0-1

[Event "*** SCC Grand Prix: Titled Tuesday Blitz"]
[Site "Chess.com"]
[Date "2020.08.11"]
[Round "5"]
[White "GoldenShare"]
[Black "johnathan113"]
[Result "0-1"]
[WhiteElo "2500"]
[BlackElo "2701"]
[TimeControl "180+1"]
[EndTime "10:55:52 PDT"]
[Termination "johnathan113 won on time"]

1. e4 c5 2. Nf3 g6 3. d4 cxd4 4. Qxd4 Nf6 5. Nc3 Nc6 6. Qa4 d6 7. e5 dxe5 8. Nxe5 Bd7 9. Nxd7 Nxd7 10. Be3 Bg7 11. Bb5 O-O 12. O-O Nb6 13. Qb3 Nd4 14. Bxd4 Qxd4 15. Rad1 Qf6 16. a4 a5 17. Nd5 Nxd5 18.
Qxd5 b6 19. c3 Rac8 20. Rfe1 Rc7 21. h3 h5 22. Re3 Rc5 23. Qd7 e6 24. Rf3 Qh4 25. Qd6 g5 26. Qxb6 Re5 27. Qxa5 g4 28.
hxg4 hxg4 29. Rg3 Rh5 30. Kf1 Re5 31. Kg1 Rh5 32. Kf1 Qh1+ 33. Ke2 Re5+ 34. Kd2 Rd5+ 35. Rd3 Qxg2 36. Rxd5 exd5 37. Qb6 d4 38. cxd4 Qxf2+ 39. Kc1 Rc8+ 40. Bc6 g3 41. Qb7 Rf8 42. Bb5 g2 0-1

[Event "*** SCC Grand Prix: Titled Tuesday Blitz"]
[Site "Chess.com"]
[Date "2020.08.11"]
[Round "5"]
[White "kleinebeer98"]
[Black "anskam"]
[Result "1-0"]
[WhiteElo "2637"]
[BlackElo "1537"]
[TimeControl "180+1"]
[EndTime "10:55:52 PDT"]
[Termination "kleinebeer98 won by checkmate"]

1. e4 e5 2. Nf3 Nc6 3. d4 exd4 4. c3 dxc3 5. Nxc3 d6 6. Bc4 Be7 7. O-O Nf6 8. Ng5 O-O 9. f4 h6 10. Bb3 Bg4 11. Nf3 a6 12. Be3 b5 13. h3 Bd7 14. e5 dxe5 15. Nxe5 Nxe5 16. fxe5 Nh7 17. Rxf7 Rxf7 18. Qh5 Be8 19. Rf1 Qd3 20. Bxf7+ Bxf7 21. Qxf7+ Kh8 22. Bf2 Bg5 23. e6 Rf8 24. Qxc7 Be3 25. e7 Rxf2 26. Rxf2 Bxf2+ 27. Kxf2 Nf6 28. Qd8+ Kh7 29. Qxd3+ g6 30. Nd5 Ne8 31. Ke1 Kg7 32. Kd1 Kf7 33. Kc1 g5 34. Qf5+ Kg8 35. Qf8+ Kh7 36.
Qf7+ Ng7 37. Nf6+ Kh8 38. Kb1 h5 39. g4 hxg4 40. hxg4 a5 41. b3 a4 42. b4 a3 43.
e8=N Nxe8 44. Qh7# 1-0

[Event "*** SCC Grand Prix: Titled Tuesday Blitz"]
[Site "Chess.com"]
[Date "2020.08.11"]
[Round "5"]
[White "louis198"]
[Black "seorobert1971"]
[Result "1-0"]
[WhiteElo "2589"]
[BlackElo "2728"]
[TimeControl "180+1"]
[EndTime "10:55:53 PDT"]
[Termination "louis198 won by checkmate"]

1. d4 g6 2. Bf4 Bg7 3. e3 d6 4. h3 Nf6 5. Nf3 Nc6 6. Bc4 O-O 7.
O-O Na5 8. Be2 Nc6 9. Bc4 Bf5 10. a4 Ne4 11. c3 e5 12. Bh2 a6 13. Nbd2 Nxd2 14. Nxd2 Qe7 15. e4 Bd7 16. d5 Nb8 17. b4 f5 18. Bb3 Bc8 19. Re1 Nd7 20. exf5 gxf5 21. f4 e4 22. Re3 a5 23. Nf1 axb4 24.
cxb4 Bxa1 25. Qxa1 Nf6 26. Bg3 Nh5 27. Be1 Bd7 28.
Ng3 Ng7 29. Bc3 Bxa4 30. Bxa4 b5 31. Ne2 Rxa4 32. Qb2 Nh5 33. g4 fxg4 34. hxg4 Nf6 35. Rg3 Nxd5 36. Nd4 Nxc3 37. Qxc3 c5 38. Nf5 Qf6 39. Qd2 Ra1+ 40. Kg2 Rfa8 41. Qd5+ Kh8 42. Qxe4 R1a2+ 43. Kh3 R2a3 44. g5 Rxg3+ 45. Nxg3 Qf8 46. f5 Re8 47. Qb7 Re3 48. f6 cxb4 49. Kg4 Qe8 50.
Qg7# 1-0

[Event "*** SCC Grand Prix: Titled Tuesday Blitz"]
[Site "Chess.com"]
[Date "2020.08.11"]
[Round "5"]
[White "Panterov"]
[Black "elegant285"]
[Result "1-0"]
[WhiteElo "2219"]
[BlackElo "2368"]
[TimeControl "180+1"]
[EndTime "10:55:53 PDT"]
[Termination "Panterov won by resignation"]

1. e4 c6 2. d4 d5 3. exd5 cxd5 4. Nf3 Nc6 5. Bd3 Nf6 6. h3 g6 7. c3 Bg7 8. O-O Bf5 9. Bxf5 gxf5 10. Bf4 O-O 11.
Nbd2 Ne4 12. Re1 Kh8 13. Nf1 Rg8 14. Ng3 Qd7 15. Qe2 Bf6 16. Nh5 Rg6 17. Nxf6 exf6 18. Nh4 Rg7 19. f3 Ng3 20. Bxg3 Rxg3 21. Qd3 Rag8 22.
Re2 Rxh3 23. Qxf5 Qxf5 24. Nxf5 Rxf3 25. Nh6 Rg6 26. Nxf7+ Kg7 27. Nd6 Rfg3 28. Nxb7 h5 29. Nd6 R3g5 30. Ne8+ Kh6 31. Rf1 f5 32. Nc7 Rd6 33. Ne6 Rg6 34. Nf4 Rg4 35. Re6+ Rxe6 36. Nxe6 h4 37. Rxf5 h3 38. Rf2 Ne7 39. Nf4 Nf5 40.
Nxh3 Ne3 41. Re2 Rg3 42. Kh2 Nf1+ 43. Kg1 Ne3 44. Kf2 Rxg2+ 45. Kxe3 Rg3+ 46. Kf4 Rxh3 47. Kg4 Rh1 48. Re6+ Kg7 49. Re7+ Kf6 50. Rxa7 Rb1 51. Rb7 Ra1 52. a3 Rf1 53. a4 Ke6 54. a5 Ra1 55. Rb5 Ra2 56. Kf4 Ra1 57. Ke3 Re1+ 58. Kd2 Ra1 59. Kc2 Kd6 60. Kb3 Kc6 61. Rc5+ Kd6 62.
Kb4 Ra2 63. b3 Ra1 64. Kb5 Ra2 65. b4 Ra1 66. a6 Ra2 67. Kb6 Ra1 68. Ra5 Rh1 69. a7 1-0

[Event "*** SCC Grand Prix: Titled Tuesday Blitz"]
[Site "Chess.com"]
[Date "2020.08.11"]
[Round "5"]
[White "pfalcon1949"]
[Black "tan275"]
[Result "0-1"]
[WhiteElo "1957"]
[BlackElo "2224"]
[TimeControl "180+1"]
[EndTime "10:55:54 PDT"]
[Termination "tan275 won by checkmate"]

1. d4 Nf6 2. c4 e6 3. Nc3 d5 4. cxd5 exd5 5. Bg5 Be7 6. e3 c6 7. Bd3 Nbd7 8. Nge2 Nh5 9. Bxe7 Qxe7 10. h3 g6 11. Qc2 Nb6 12. O-O-O Ng7 13. Kb1 Bf5 14. b3 O-O-O 15. Rc1 Kb8 16. Ka1 Bxd3 17. Qxd3 Nf5 18.
Kb2 Rhe8 19. Rhf1 Nd6 20. Rc2 a5 21. Rfc1 a4 22. bxa4 Ndc4+ 23. Ka1 Qa3 24. Rb1 Nxa4 25. Rb3 Nab2 26. Rcxb2 Nxb2 27. Rxb2 Rd7 28. Qb1 Qa6 29. Nc1 Qc4 30. Qc2 c5 31. dxc5 Qxc5 32. Nd3 Qc4 33.
Rb4 Qc6 34. Qb2 d4 35. exd4 Rc7 36. Rb3 Qc4 37. Nc5 Re1+ 38. Nb1 Qd5 39. Na6+ Kc8 40. Nxc7 Kxc7 41. Rc3+ Kd7 42. Qd2 Qe6 43. d5 Qe4 44. d6 Qxb1# 0-1

[Event "*** SCC Grand Prix: Titled Tuesday Blitz"]
[Site "Chess.com"]
[Date "2020.08.11"]
[Round "5"]
[White "Fandorine"]
[Black "CaspiIsrael"]
[Result "1-0"]
[WhiteElo "2896"]
[BlackElo "2634"]
[TimeControl "180+1"]
[EndTime "10:55:55 PDT"]
[Termination "Fandorine won on time"]

1. e4 e5 2. Nf3 Nc6 3. Bc4 Bc5 4. d3 Nf6 5. h3 O-O 6. Nbd2 d5 7. exd5 Nxd5 8.
O-O Re8 9. Re1 a6 10. Ne4 Bf8 11.
a4 f6 12. d4 exd4 13. Bxd5+ Qxd5 14. Nxf6+ gxf6 15. Rxe8 Kf7 16. Re1 Bf5 17. Nh4 Be6 18.
Qd3 Qh5 19. Nf3 Rd8 20. Bf4 Rd7 21. Rxe6 Kxe6 22. Re1+ Kf7 23. Qb3+ Qd5 24. Qxb7 Nb4 25. Qc8 Nxc2 26. Qe8+ Kg8 27. Bh6 Qf7 28. Re4 f5 29.
Ng5 fxe4 30. Nxf7 Rxf7 31. Bxf8 Rxf8 32. Qe6+ Rf7 33. Qxe4 Nb4 34. Qxd4 a5 35. Qg4+ Kf8 36. Qc8+ Kg7 37. Qa8 Rf5 38. Qa7 Nd5 39. Qxa5 Kf6 40. Qd2 Nb6 41. a5 Nc4 42. Qc3+ Ne5 43. a6 1-0

[Event "*** SCC Grand Prix: Titled Tuesday Blitz"]
[Site "Chess.com"]
[Date "2020.08.11"]
[Round "5"]
[White "Grineva_Marianna"]
[Black "TargetA"]
[Result "0-1"]
[WhiteElo "2209"]
[BlackElo "2594"]
[TimeControl "180+1"]
[EndTime "10:55:55 PDT"]
[Termination "TargetA won on time"]

1. e4 c5 2. Nf3 d6 3. d4 cxd4 4.
Nxd4 Nf6 5. Nc3 a6 6. Bg5 e6 7. f4 Nbd7 8. Qf3 Qc7 9. O-O-O Be7 10. Bd3 h6 11. Bh4 g5 12. fxg5 Ne5 13. Qe2 Nfg4 14. h3 hxg5 15. Bg3 Nf6 16. Nf3 Nh5 17. Bh2 Bd7 18. Nxe5 dxe5 19. g3 b5 20. Qf3 b4 21.
Ne2 a5 22. Rhf1 f6 23. Kb1 a4 24. h4 gxh4 25. g4 Ng3 26. Nxg3 hxg3 27. Bxg3 b3 28. cxb3 axb3 29. a3 Rf8 30. Rc1 Qa5 31. Rc3 Bxa3 32. Rxb3 Be7 33. Rc1 Qa2+ 34. Kc2 Ba4 35. Bc4 Rc8 36. Kd2 Rxc4 37. Rb8+ Kf7 38. Rxc4 Rxb8 39. Qc3 Rxb2+ 40. Ke1 Rb1+ 41. Qc1 Bb4+ 42. Kf1 Bb5 43. Kg1 Bxc4 0-1

[Event "*** SCC Grand Prix: Titled Tuesday Blitz"]
[Site "Chess.com"]
[Date "2020.08.11"]
[Round "5"]
[White "profofchess"]
[Black "tteshan"]
[Result "0-1"]
[WhiteElo "2406"]
[BlackElo "2242"]
[TimeControl "180+1"]
[EndTime "10:55:57 PDT"]
[Termination "tteshan won on time"]

1. e4 c5 2. Nf3 d6 3. c3 Nf6 4.
Bc4 Nc6 5. Qe2 g6 6. d4 cxd4 7.
cxd4 Bg4 8. d5 Ne5 9. Bb5+ Ned7 10. h3 Bxf3 11. Qxf3 Bg7 12. O-O O-O 13. Nc3 a6 14.
Bd3 Ne5 15. Qe2 Nxd3 16. Qxd3 Nd7 17. Be3 b5 18. a3 Ne5 19. Qe2 Nc4 20. Bg5 Rc8 21. Nd1 Qd7 22. Rc1 Rc7 23. a4 Rfc8 24. b3 Na3 25. Rxc7 Rxc7 26. Qa2 b4 27. Ne3 h6 28. Bh4 Rc3 29. Qe2 a5 30. Qa6 Qc7 31. Qa8+ Kh7 32. Qe8 Rxb3 33. Qxe7 Qxe7 34. Bxe7 Bd4 35.
Bxd6 Bxe3 36. fxe3 Rxe3 37. Rxf7+ Kg8 38. Re7 Nc4 39.
Bc5 Rd3 40. Re8+ Kf7 41. Re7+ Kf6 42. Re6+ Kf7 43. Re7+ Kf6 44. Rb7 b3 45. Kf2 b2 46.
Ke2 Rd2+ 47. Kf3 Rd1 48. Ba3 b1=Q 0-1

[Event "*** SCC Grand Prix: Titled Tuesday Blitz"]
[Site "Chess.com"]
[Date "2020.08.11"]
[Round "5"]
[White "LiemLe"]
[Black "stanyga"]
[Result "1-0"]
[WhiteElo "2961"]
[BlackElo "2649"]
[TimeControl "180+1"]
[EndTime "10:55:59 PDT"]
[Termination "LiemLe won by checkmate"]

1. d4 Nf6 2. Bf4 g6 3. e3 Bg7 4. Nf3 O-O 5. h3 d6 6. Be2 b6 7. O-O Bb7 8. c4 e6 9. Nc3 Nbd7 10. Qc2 a6 11. Rad1 Qe7 12. Bh2 Rfd8 13. d5 e5 14.
Nd2 b5 15. Nb3 bxc4 16. Na5 Nc5 17. Bxc4 Rab8 18. b4 Ncd7 19. a3 Nb6 20. Nxb7 Rxb7 21. Bxa6 Ra7 22. b5 Nbd7 23. Na2 Nb8 24. Nb4 Nfd7 25.
e4 Nc5 26. Kh1 Qe8 27. f3 Nbxa6 28. bxa6 Nxa6 29. Nc6 Raa8 30. Nxd8 Qxd8 31. Bg1 Bh6 32.
Rb1 Bf4 33. Bf2 h5 34. g3 Bh6 35. h4 g5 36. hxg5 Bxg5 37. Kg2 h4 38. Rh1 hxg3 39.
Bxg3 Kg7 40. Rh5 Nc5 41. Qc3 Qf6 42. Rbh1 Rb8 43. Bf2 Rb3 44. Qc2 Qxf3+ 45. Kg1 Nxe4 46. Rh7+ Kf6 47. R1h3 Rb1+ 48. Qxb1 Qxf2+ 49. Kh1 Ng3+ 50. Rxg3 Qxg3 51. Qf1+ Kg6 52. Qxf7# 1-0

[Event "*** SCC Grand Prix: Titled Tuesday Blitz"]
[Site "Chess.com"]
[Date "2020.08.11"]
[Round "5"]
[White "midedu"]
[Black "kasparicy"]
[Result "0-1"]
[WhiteElo "2144"]
[BlackElo "2342"]
[TimeControl "180+1"]
[EndTime "10:55:59 PDT"]
[Termination "kasparicy won on time"]

1. e4 c5 2. Nc3 Nc6 3. g3 g6 4. Bg2 Bg7 5. d3 e6 6. Be3 d6 7. Qd2 Nge7 8. Bh6 O-O 9. h4 Bxh6 10. Qxh6 f6 11. f4 Nd4 12. O-O-O Rf7 13. h5 Qf8 14. hxg6 Nxg6 15. Qh5 Bd7 16. Nf3 Rg7 17. Nxd4 cxd4 18. Ne2 e5 19. Bh3 Bxh3 20. Rxh3 Rc8 21. Kb1 Qf7 22. Rf1 Nf8 23. Qf5 Qe6 24. fxe5 Qxf5 25. Rxf5 fxe5 26. Rf6 Rg6 27. Rxg6+ Nxg6 28. Kc1 Rf8 29.
Rh2 Rf1+ 30. Kd2 Kg7 31. c3 dxc3+ 32. Nxc3 Nf8 33. Ke2 Rg1 34. Kf2 Rc1 35. Ke3 Ne6 36. Ne2 Ra1 37. a3 Rb1 38. Nc3 Re1+ 39. Kd2 Rg1 40.
Ne2 Rf1 41. Kc3 Kg6 42. d4 h5 43. dxe5 dxe5 44. Kd2 Kg5 45. Nc3 Nd4 0-1

[Event "*** SCC Grand Prix: Titled Tuesday Blitz"]
[Site "Chess.com"]
[Date "2020.08.11"]
[Round "5"]
[White "Chessalary"]
[Black "Iris77"]
[Result "1-0"]
[WhiteElo "2290"]
[BlackElo "2041"]
[TimeControl "180+1"]
[EndTime "10:56:00 PDT"]
[Termination "Chessalary won on time"]

1. e4 e6 2. d4 d5 3. Nd2 c5 4. exd5 Qxd5 5. Ngf3 cxd4 6. Bc4 Qd6 7. Nb3 Nc6 8. O-O Nf6 9. Nbxd4 Nxd4 10. Nxd4 a6 11. Re1 Qc7 12. Bb3 Bd6 13. h3 O-O 14. Bg5 Be5 15.
c3 h6 16. Bxf6 Bxf6 17. Qf3 Bd7 18. Rad1 Rad8 19. Bc2 Rfe8 20. Qe4 g6 21. Qf3 Bg7 22.
Qe3 e5 23. Nf3 Bc6 24. Be4 Bxe4 25. Qxe4 f5 26. Qe3 e4 27. Rxd8 Rxd8 28. Nh4 Qf7 29. Qb6 Bf6 30. g3 Rd7 31. Ng2 Bd8 32. Qe3 Kh7 33. Nf4 Qxa2 34. Qe2 Qf7 35. Rd1 Bc7 36.
Rxd7 Qxd7 37. Qc4 Be5 38. Ne6 Qe7 39. Nc5 Bd6 40. Nb3 b5 41. Qd5 Be5 42. Nd4 Bf6 43. Nc6 1-0

[Event "*** SCC Grand Prix: Titled Tuesday Blitz"]
[Site "Chess.com"]
[Date "2020.08.11"]
[Round "5"]
[White "1stSecond"]
[Black "deribas12345"]
[Result "0-1"]
[WhiteElo "2763"]
[BlackElo "2615"]
[TimeControl "180+1"]
[EndTime "10:56:01 PDT"]
[Termination "deribas12345 won on time"]

1. Nf3 c5 2. e3 g6 3. d4 Bg7 4. c4 Nf6 5. dxc5 Na6 6. a3 Nxc5 7. Nc3 a5 8. Be2 O-O 9. O-O d6 10. Nd4 Nfe4 11. Nxe4 Nxe4 12. Bf3 Nc5 13. b3 a4 14.
b4 Bxd4 15. exd4 Nb3 16. Bh6 Nxa1 17. Bxf8 Qxf8 18. Qxa1 Ra7 19. c5 Qg7 20. Re1 Qf6 21. Qc3 Be6 22. Qd2 Bb3 23. Qe3 dxc5 24. dxc5 Ra6 25.
Qxe7 Qc3 26. Qe8+ Kg7 27. Qe5+ Qxe5 28. Rxe5 b5 29. Re7 Kf6 30. Rb7 Re6 31. Rb6 Ke5 32.
Rxe6+ Bxe6 33. Bc6 Bc4 34. Be8 Kd4 35. c6 Be6 36. c7 Kc3 37. Bxf7 Bc8 38. Be8 Kb2 39. Bxb5 Kxa3 40. Bxa4 Kxa4 0-1

[Event "*** SCC Grand Prix: Titled Tuesday Blitz"]
[Site "Chess.com"]
[Date "2020.08.11"]
[Round "5"]
[White "vova-79"]
[Black "Jumbo"]
[Result "0-1"]
[WhiteElo "2453"]
[BlackElo "2862"]
[TimeControl "180+1"]
[EndTime "10:56:01 PDT"]
[Termination "Jumbo won on time"]

1. d4 Nf6 2. c4 e6 3. Nc3 Bb4 4. e3 b6 5. Ne2 c5 6. a3 Ba5 7. Rb1 Na6 8. g3 Bb7 9. d5 exd5 10.
Bg2 Bxc3+ 11. Nxc3 Nc7 12. cxd5 Ba6 13. b4 cxb4 14.
axb4 Nb5 15. Na4 Nd6 16. f3 O-O 17. Kf2 Re8 18. Re1 Rc8 19. e4 Qc7 20. Bf4 Qc2+ 21. Kg1 Bb5 22. Nxb6 axb6 23. Bxd6 Qa2 24. Ra1 Qb2 25.
Rb1 Qa2 26. Rc1 h5 27. Qd4 h4 28. Qxb6 Ba4 29. gxh4 Nh5 30. Qf2 Qb3 31. Bh3 Bb5 32. Bg4 Nf6 33. Bf5 g6 34. Bh3 Rxc1 35. Rxc1 Nxe4 36.
fxe4 Qxh3 37. e5 Bd3 38. e6 dxe6 39. dxe6 Qxe6 40. Bg3 Be4 41. Re1 Qd5 42. Qf4 Re6 43.
h5 Bh1 0-1